 Dungeon Sprint DCSS version 0.31.0-9-g3a7656b989 (webtiles) character file.

Game seed: 875097656323228150

1018 Heoruswealwe the Spear-Bearer (level 8, -8/82 HPs)
             Began as a Minotaur Fighter on Feb 2, 2024.
             Was an Initiate of Gozag.
             Mangled by a fire elemental (12 damage)
             ... summoned by a deep elf pyromancer
             ... in the Dungeon (Sprint IX: "|||||||||||||||||||||||||||||").
             The game lasted 00:03:00 (479 turns).

Heoruswealwe the Spear-Bearer (Minotaur Fighter)     Turns: 479, Time: 00:03:02

Health: -8/82      AC: 21    Str: 23    XL:     8   Next: 2%
Magic:  7/7        EV: 11    Int:  5    God:    Gozag
Gold:   576        SH:  0    Dex: 10    Spells: 7/7 levels left

rFire   . . .        b - +2 halberd (protect)
rCold   . . .        (shield currently unavailable)
rNeg    . . .        c - +1 chain mail
rPois   .            (helmet restricted)
rElec   .            (no cloak)
rCorr   .            f - +0 pair of gloves
SInv    .            (no boots)
Will    .....        (no amulet) Stlth
                     k - +2 ring of evasion
HPRegen 0.33/turn    (no ring)
MPRegen 0.10/turn

%: no teleportation
@: on fire, gold aura, under a protective aura, glowing
A: horns 2, retaliatory headbutt
a: Renounce Religion, Potion Petition, Call Merchant, Bribe Branch


You were in the Dungeon.
You worshipped Gozag.
Gozag was pleased with you.
You visited 1 branch You collected 576 gold pieces.

Inventory:

Hand Weapons
 a - a +0 trident
 b - a +2 halberd of protection (weapon)
Armour
 c - a +1 chain mail (worn)
 d - a +0 buckler
 f - a +0 pair of gloves (worn)
Jewellery
 k - a +2 ring of evasion (left hand)
Wands
 j - a wand of light (10)
Scrolls
 h - a scroll of blinking
Potions
 g - a potion of haste
 i - a potion of berserk rage
 l - 4 potions of curing
 m - a potion of might


   Skills:
 + Level 11.1 Fighting
 * Level 14.7 Polearms
 + Level 11.1 Armour
 - Level 3.6 Shields


You had 7 spell levels left.
You didn't know any spells.
Your spell library was empty.

Dungeon Overview and Level Annotations

Branches:
Dungeon (1/1)

Altars:
Cheibriados
Dithmenos
Elyvilon
Fedhas
Gozag
Hepliaklqana
Kikubaaqudgha
Makhleb
Nemelex Xobeh
Okawaru
Qazlal
Ru
Sif Muna
Trog
Uskayaw
Vehumet
Wu Jian
Xom
Yredelemnul
Zin
The Shining One
Jiyva
Lugonu


Innate Abilities, Weirdness & Mutations

You have a pair of horns on your head.
You reflexively headbutt those who attack you in melee.


Message History

The fire elemental closely misses you. The manticore barely misses you.
The manticore claws you!
* * * LOW HITPOINT WARNING * * *
The manticore completely misses you.
You feel much better. The fire elemental hits you.
The fire elemental burns you!
The manticore bites you but does no damage.
The manticore claws you but does no damage.
The manticore claws you.
You barely miss the manticore. You headbutt the manticore.
You kill the manticore!
The fire elemental hits you. The fire elemental burns you!
Your Fighting skill increases to level 11!
Your Polearms skill increases to level 14!
Your Armour skill increases to level 11!
You have reached level 8!
You feel agile.
You slash the fire elemental!
The fire elemental is almost destroyed.
The fire elemental hits you. The fire elemental burns you!
* * * LOW HITPOINT WARNING * * *
The deep elf pyromancer mumbles some strange words.
The deep elf pyromancer blinks!
You hit the fire elemental but do no damage.
Your headbutt misses the fire elemental.
The fire elemental is almost destroyed.
The fire elemental hits you. The fire elemental burns you!
* * * LOW HITPOINT WARNING * * *
The deep elf pyromancer points at you and mumbles some strange words.
The pyre arrow hits you.
You are covered in intense liquid fire!
The deep elf pyromancer mumbles some strange words.
The deep elf pyromancer blinks!
You puncture the deep elf pyromancer!
The deep elf pyromancer is moderately wounded.
The liquid fire burns you!
* * * LOW HITPOINT WARNING * * *
The fire elemental hits you. The fire elemental burns you!
You die...
Your body crumbles into a pile of gold. ▓▓▓▓▓▓▓▓▓▓▓▓▓▓▓▓▓▓▓▓▓▓▓▓ '!?)[[=...')e.§E@e.zWW.. ▓▓▓▓▓▓▓▓▓▓▓▓▓▓▓▓▓▓▓▓▓▓▓▓

You could see a skeletal warrior, 2 deep elf pyromancers, a fire elemental (summoned) and 2 wraiths.

Vanquished Creatures
  A manticore (D)
  A wyvern (D)
  An acid dragon (D)
  A centaur (D)
  An ogre (D)
  A scorpion (D)
  A wight (D)
  A killer bee (D)
  An iguana (D)
  An orc wizard (D)
  An adder (D)
  A giant cockroach (D)
  A goblin (D)
  A hobgoblin (D)
  2 quokkas (D)
  A rat (D)
17 creatures vanquished.

Notes
Turn   | Place    | Note
-------+----------+-------------------------------------------
     0 | D        | Heoruswealwe the Minotaur Fighter began the quest for the
                  | Orb.
     0 | D        | Reached XP level 1. HP: 19/19 MP: 0/0
     5 | D        | Reached skill level 3 in Polearms
    21 | D        | Noticed a scorpion
    21 | D        | Noticed an ogre
    21 | D        | Noticed an iguana
    28 | D        | Killed a scorpion
    29 | D        | Reached skill level 5 in Fighting
    29 | D        | Reached skill level 7 in Polearms
    29 | D        | Reached skill level 5 in Armour
    29 | D        | Reached XP level 2. HP: 28/30 MP: 1/1
    29 | D        | Reached XP level 3. HP: 35/37 MP: 2/2
    35 | D        | HP: 1/37 [ogre/+0 giant spiked club (21)]
    36 | D        | Killed an ogre
    37 | D        | Reached skill level 9 in Polearms
    37 | D        | Reached XP level 4. HP: 1/47 MP: 3/3
    37 | D        | Reached XP level 5. HP: 1/52 MP: 4/4
   241 | D        | Found a snail-covered altar of Cheibriados.
   241 | D        | Found a shadowy altar of Dithmenos.
   241 | D        | Found a white marble altar of Elyvilon.
   241 | D        | Found a blossoming altar of Fedhas.
   241 | D        | Found an opulent altar of Gozag.
   242 | D        | Found a hazy altar of Hepliaklqana.
   243 | D        | Found a viscous altar of Jiyva.
   244 | D        | Found an ancient bone altar of Kikubaaqudgha.
   245 | D        | Found a corrupted altar of Lugonu.
   246 | D        | Found a burning altar of Makhleb.
   247 | D        | Found a sparkling altar of Nemelex Xobeh.
   248 | D        | Found an iron altar of Okawaru.
   249 | D        | Became a worshipper of Gozag Ym Sagoz the Greedy
   250 | D        | Found a stormy altar of Qazlal.
   251 | D        | Found a sacrificial altar of Ru.
   252 | D        | Found a shimmering blue altar of Sif Muna.
   253 | D        | Found a bloodstained altar of Trog.
   254 | D        | Found a hide-covered altar of Uskayaw.
   255 | D        | Found a radiant altar of Vehumet.
   256 | D        | Found an ornate altar of the Wu Jian Council.
   257 | D        | Found a shimmering altar of Xom.
   258 | D        | Found a basalt altar of Yredelemnul.
   259 | D        | Found a glowing silver altar of Zin.
   260 | D        | Found a glowing golden altar of the Shining One.
   319 | D        | Noticed a wyvern
   319 | D        | Noticed a centaur
   319 | D        | Noticed an acid dragon
   321 | D        | Killed a wyvern
   322 | D        | Reached skill level 11 in Polearms
   322 | D        | Reached XP level 6. HP: 54/62 MP: 5/5
   332 | D        | Reached skill level 12 in Polearms
   346 | D        | Killed an acid dragon
   347 | D        | Reached skill level 10 in Fighting
   347 | D        | Reached skill level 13 in Polearms
   347 | D        | Reached skill level 10 in Armour
   347 | D        | Reached XP level 7. HP: 45/72 MP: 6/6
   456 | D        | Noticed a manticore
   456 | D        | Noticed a wraith
   456 | D        | Noticed a deep elf pyromancer
   456 | D        | Noticed a deep elf pyromancer
   456 | D        | Noticed a skeletal warrior
   456 | D        | Noticed a wraith
   467 | D        | Noticed a fire elemental
   476 | D        | Killed a manticore
   477 | D        | Reached skill level 14 in Polearms
   477 | D        | Reached XP level 8. HP: 32/82 MP: 7/7
   479 | D        | HP: 3/82 [burnt (10)]
   479 | D        | Mangled by a fire elemental

Illustrated notes

Levels and vault maps discovered:
D:        linesprint [early_d, line_temple, items_1, d_10, items_2, lair_1,
          lair_end, items_3, orc_1, orc_end, items_4, d_15, swamp_1, shoals_1,
          snake_1, spider_1, d_20, vaults_1, items_5, swamp_end, shoals_end,
          snake_end, spider_end, vaults_end, d_27, items_6, zot_1, zot_end,
          crypt_end, forest_end, elf_end, slime_end, tomb_end, abyss_end,
          pan_hell_end]

Skill      XL: |  1  2  3  4  5  6  7 |
---------------+----------------------+-----
Polearms       | 7 9 11 13 14 | 14.7
Fighting       | 5 7 8 10 11 | 11.1
Armour         | 5 7 8 10 11 | 11.1
Shields        | |  3.6

Action                     |  1- 3 |  4- 6 |  7- 9 || total
---------------------------+-------+-------+-------++-------
  Melee: Trident           |    24 |    11 |       ||    35
         Headbutt          |     6 |     8 |     4 ||    18
         Halberd           |       |    15 |    17 ||    32
    Use: Potion            |     2 |     1 |     1 ||     4
         Scroll            |       |     1 |       ||     1
 Armour: Scale mail        |    14 |     4 |       ||    18
         Chain mail        |       |    17 |    32 ||    49
  Dodge: Dodged            |     5 |    14 |     9 ||    28
  Block: Buckler           |     2 |     3 |       ||     5
